 Dungeon Crawl Stone Soup version 0.26-a0-667-g92642533e4 (webtiles) character file.

Game seed: 11999525160092059147

26516 D12ThenQuit the Spear-Bearer (level 13, 93/93 HPs)
             Began as a Halfling Hunter on Oct 17, 2020.
             Was an Initiate of Gozag.
             Got out of the dungeon alive.
             The game lasted 00:37:10 (17521 turns).

D12ThenQuit the Spear-Bearer (Halfling Hunter)     Turns: 17521, Time: 00:37:10

Health: 93/93      AC: 18    Str: 15    XL:     13   Next: 58%
Magic:  13/13      EV: 20    Int: 12    God:    Gozag
Gold:   205        SH:  0    Dex: 16    Spells: 12/12 levels left

rFire    . . .     SeeInvis +   a - +4 trident "Sayrgh Xauwa" {elec, +Rage rN++ SInv Stlth-}
rCold    + . .     Faith    .   (shield currently unavailable)
rNeg     + + .     Spirit   .   z - +4 ring mail {rPois}
rPois    +         Reflect  .   c - +2 helmet {Int+3}
rElec    .         Harm     .   h - +0 cloak
rCorr    .         Rampage  .   K - +0 pair of gloves
MR       .....                  S - +1 pair of boots
Stlth    ++........             R - amulet of regeneration
HPRegen  0.65/turn              o - ring of protection from cold
MPRegen  0.13/turn              s - ring of poison resistance

@: no status effects
A: small, clumsy 1, mutation resistance 1
a: Potion Petition, Call Merchant, Bribe Branch, Renounce Religion, Evoke
Berserk Rage


You escaped.
You worshipped Gozag.
Gozag was aware of your devotion.
You visited 2 branches of the dungeon, and saw 15 of its levels.

You collected 2869 gold pieces.
You spent 581 gold pieces at shops.
You paid 2083 gold pieces to Gozag.

Inventory:

Hand Weapons
 a - the +4 trident "Sayrgh Xauwa" (weapon) {elec, +Rage rN++ SInv Stlth-}
   (You found it on level 4 of the Dungeon)

   Occasionally, upon striking a foe, it will discharge some electrical energy
   and cause terrible harm.
   It greatly protects you from negative energy.
   It lets you see invisible.
   It lets you go berserk.
   It makes you less stealthy.
 b - a +1 hunting sling
 e - a +0 short sword
 k - a +0 arbalest
 x - a +0 fustibalus
 W - the +11 quarterstaff of Zalas {pain, +Rage rElec Int-2 Dex+6}
   (You found it on level 13 of the Dungeon)

   In the hands of one skilled in necromantic magic, it inflicts extra damage on
   living creatures.
   It affects your intelligence (-2).
   It affects your dexterity (+6).
   It insulates you from electricity.
   It lets you go berserk.
Missiles
 d - 119 sling bullets
 f - 452 stones
 Y - 3 curare-tipped darts (quivered)
Armour
 c - a +2 helmet of intelligence (worn)
 h - a +0 cloak (worn)
 z - a +4 ring mail of poison resistance (worn)
 K - a +0 pair of gloves (worn)
 S - a +1 pair of boots (worn)
Jewellery
 o - a ring of protection from cold (left hand)
 s - a ring of poison resistance (right hand)
 E - an uncursed ring of flight
 R - an amulet of regeneration (around neck)
 U - an uncursed amulet of the acrobat
Wands
 g - a wand of iceblast (9)
 B - a wand of acid (6)
 H - a wand of digging (7)
 J - a wand of random effects (18)
 Q - a wand of disintegration (5)
 V - a wand of polymorph (5)
Scrolls
 l - 11 scrolls of amnesia
 m - 6 scrolls of fog
 n - 3 scrolls of enchant armour
 p - 4 scrolls of enchant weapon
 q - 3 scrolls of remove curse
 t - a scroll of acquirement {unknown}
 y - 3 scrolls of teleportation
 F - 2 scrolls of vulnerability {unknown}
 N - a scroll of immolation
 T - a scroll of magic mapping
 Z - a scroll of noise {unknown}
Potions
 i - 3 potions of flight
 j - 2 potions of mutation
 r - a potion of ambrosia
 u - 2 potions of might
 v - a potion of cancellation {unknown}
 A - 5 potions of lignification
 C - a potion of berserk rage {unknown}
 D - a potion of stabbing
 G - 3 potions of brilliance
 L - 2 potions of curing
 M - a potion of magic
 O - a potion of resistance {unknown}
 P - a potion of haste {unknown}


   Skills:
 - Level 10.6 Fighting
 + Level 13.2 Polearms
 - Level 5.8 Slings
 - Level 5.0 Armour
 - Level 10.0 Dodging
 - Level 8.0 Stealth


You had 12 spell levels left.
You didn't know any spells.
Your spell library contained the following spells:

 Spells                   Type           Power        Failure   Level
 Corona                   Hex            #......      52%         1
 Magic Dart               Conj           #...         52%         1
 Blink                    Tloc           N/A          67%         2
 Call Imp                 Summ           #.......     67%         2
 Poisonous Vapours        Pois/Air       #.....       67%         2
 Slow                     Hex            #.......     67%         2
 Conjure Flame            Conj/Fire      #.......     88%         3
 Gell's Gravitas          Tloc           #.........   88%         3
 Inner Flame              Hex/Fire       #.......     88%         3
 Lesser Beckoning         Tloc           #.........   88%         3
 Mephitic Cloud           Conj/Pois/Air  #.......     88%         3
 Portal Projectile        Hex/Tloc       #.....       88%         3
 Teleport Other           Tloc           #.......     88%         3
 Cause Fear               Hex            #.........   99%         4
 Leda's Liquefaction      Hex/Erth       #.........   99%         4
 Passage of Golubria      Tloc           N/A          99%         4
 Freezing Cloud           Conj/Ice/Air   #.........   100%        6


Dungeon Overview and Level Annotations

Branches:
Dungeon (14/15)            Temple (1/1) D:5            Lair (0/6) D:11
    Orc (0/2) D:9
 Vaults: D:13-14

Altars:
Ashenzari
Cheibriados
Dithmenos
Elyvilon
Fedhas
Gozag
Hepliaklqana
Kikubaaqudgha
Makhleb
Nemelex Xobeh
Okawaru
Qazlal
Ru
Sif Muna
Trog
Uskayaw
Vehumet
Wu Jian
Xom
Yredelemnul
Zin
The Shining One

Shops:
D:8 (   D:9 *(   D:10 *   D:14 (

Annotations:
D:8 Psyche


Innate Abilities, Weirdness & Mutations

You are small and have problems with some larger weapons.
You are somewhat resistant to further mutation.
You are clumsy. (Dex -2)


Message History

You climb upwards.
There is a stone staircase leading down here.
There is a stone staircase leading up here.
You climb upwards.
There is a stone staircase leading down here.
You see here 3 boomerangs.
You open the door.
There is an open door here.
You see here a hunting sling.
There is a stone staircase leading up here.
You climb upwards.
There is a stone staircase leading down here.
Unknown command.
You open the door.
There is an open door here.
You open the door.
There is an open door here.
There is a staircase leading out of the dungeon here.
Are you sure you want to leave the Dungeon?
This will make you lose the game!
You have escaped!

...### ##.......#
#.##....... ...#
#........###+##.......
...#
#....###..............
...# #....#
#.............. ####
#..#####............##
##....##............#
#.##'##............#
#.#...#............#
#.#.@.#............#
#.#...#.........####
#.##'############
#....# ######


There were no monsters in sight!

Vanquished Creatures
  A boulder beetle (D:11)
  2 death knights
  3 two-headed ogres
  Sonja (D:13)
  5 skeletal warriors
  2 unseen horrors (D:12)
  2 deep elf magi (D:12)
  5 ugly things
  A cyclops (D:12)
  An elephant (D:11)
  2 manticores
  2 centaur zombies
  A gargoyle (D:12)
  A kobold demonologist (D:11)
  A komodo dragon (D:13)
  A yaktaur (D:12)
  5 trolls
  Prince Ribbit (D:5)
  2 redbacks (D:14)
  A tarantella (D:14)
  9 yaks
  A vampire (D:14)
  A shadow (D:13)
  2 wyverns
  3 basilisks
  3 vampire mosquitoes (D:12)
  Edmund (D:4)
  A soldier ant (D:12)
  A water moccasin (D:10)
  Duvessa (D:7)
  4 acid dragons
  6 orc warriors
  2 hornet zombies (D:9)
  3 ice beasts
  5 sky beasts
  2 black bears (D:11)
  6 ogres
  An eye of draining (D:10)
  2 necrophages
  A centaur (D:12)
  9 bullfrogs
  A big kobold (D:11)
  A wyvern skeleton (D:11)
  Dowan (D:7)
  5 scorpions
  4 killer bees (D:8)
  16 wights
  3 howler monkeys
  A crimson imp (D:5)
  A quasit (D:13)
  7 bullfrog zombies
  4 bullfrog skeletons
  8 orc priests
  6 jellies
  4 hounds
  16 orc wizards
  2 centaur skeletons
  13 iguanas
  17 worker ants
  A hound skeleton (D:9)
  2 howler monkey skeletons (D:9)
  15 adders
  A shadow imp (D:8)
  2 oozes
  2 adder skeletons
  2 worms
  3 dart slugs
  2 leopard geckos
  44 orcs
  A ball python (D:1)
  5 giant cockroaches
  7 goblins
  7 hobgoblins
  7 jackals
  4 quokkas
  9 bats
  3 frilled lizards
  14 kobolds
  A leopard gecko zombie (D:6)
  7 rats
353 creatures vanquished.

Vanquished Creatures (others)
  3 fungi (D:11)
  A plant (D:11)
4 creatures vanquished.

Grand Total: 357 creatures vanquished

Notes
Turn   | Place    | Note
-------+----------+-------------------------------------------
     0 | D:1      | D12ThenQuit the Halfling Hunter began the quest for the
                  | Orb.
     0 | D:1      | Reached XP level 1. HP: 14/14 MP: 1/1
   255 | D:1      | Reached XP level 2. HP: 19/19 MP: 2/2
   502 | D:1      | Reached XP level 3. HP: 14/24 MP: 3/3
  1231 | D:2      | Found a snail-covered altar of Cheibriados.
  1393 | D:2      | Reached XP level 4. HP: 29/29 MP: 4/4
  2115 | D:2      | Found a radiant altar of Vehumet.
  2203 | D:2      | Reached skill level 5 in Stealth
  2582 | D:1      | Reached XP level 5. HP: 7/35 MP: 5/5
  3568 | D:3      | You fall into a shaft and drop 3 floors!
  3593 | D:6      | Found a sparkling altar of Nemelex Xobeh.
  3594 | D:6      | Noticed an ogre
  3597 | D:5      | Entered Level 5 of the Dungeon
  3597 | D:5      | Noticed Prince Ribbit
  3598 | D:5      | Found a shimmering altar of Xom.
  3599 | D:5      | Found a burning altar of Makhleb.
  3660 | D:4      | Gained mutation: You are clumsy. (Dex -2) [potion of
                  | mutation]
  3969 | D:3      | Reached XP level 6. HP: 28/42 MP: 6/6
  4571 | D:4      | Got a faintly glowing trident
  4576 | D:4      | Identified the +4 trident "Sayrgh Xauwa" {elec, +Rage rN++
                  | SInv Stlth-} (You found it on level 4 of the Dungeon)
  4716 | D:4      | Found a shadowy altar of Dithmenos.
  4986 | D:4      | Reached skill level 1 in Polearms
  5192 | D:5      | Reached XP level 7. HP: 41/49 MP: 7/7
  5547 | D:5      | Reached skill level 5 in Fighting
  5560 | D:5      | Killed Prince Ribbit
  5560 | D:5      | Reached skill level 2 in Polearms
  5625 | D:5      | Reached skill level 3 in Polearms
  5823 | D:5      | Reached XP level 8. HP: 57/57 MP: 8/8
  5997 | D:5      | Found a staircase to the Ecumenical Temple.
  6093 | Temple   | Entered the Ecumenical Temple
  6158 | Temple   | Became a worshipper of Gozag Ym Sagoz the Greedy
  6205 | D:5      | Noticed Edmund
  6240 | D:4      | Killed Edmund
  6240 | D:4      | Reached skill level 4 in Polearms
  6919 | D:6      | Reached skill level 5 in Polearms
  7240 | D:6      | Reached XP level 9. HP: 57/64 MP: 9/9
  8078 | D:6      | Reached skill level 6 in Polearms
  8395 | D:7      | Noticed Duvessa
  8396 | D:7      | Noticed Dowan
  8402 | D:7      | Killed Duvessa
  8411 | D:7      | Killed Dowan
  8429 | D:7      | Found a stormy altar of Qazlal.
  8793 | D:7      | Reached skill level 7 in Polearms
  8894 | D:7      | Reached XP level 10. HP: 69/73 MP: 10/10
  9016 | D:7      | Found a hide-covered altar of Uskayaw.
  9214 | D:7      | Found a blossoming altar of Fedhas.
  9214 | D:7      | Found an ancient bone altar of Kikubaaqudgha.
  9763 | D:8      | Reached skill level 8 in Polearms
  9885 | D:8      | Noticed Psyche
 10032 | D:8      | Found Caro's Weapon Shoppe.
 10187 | D:8      | Found a shimmering blue altar of Sif Muna.
 10616 | D:9      | Found Qivakuas's Assorted Antiques.
 10700 | D:9      | Bought a potion of curing for 81 gold pieces
 10700 | D:9      | Bought a scroll labeled KEUPTI WIUTA for 27 gold pieces
 10700 | D:9      | Bought a red potion for 24 gold pieces
 10700 | D:9      | Bought an orange potion for 24 gold pieces
 10700 | D:9      | Bought a copper wand for 108 gold pieces
 10700 | D:9      | Bought a scroll of teleportation for 81 gold pieces
 10811 | D:9      | Found a bloodstained altar of Trog.
 11204 | D:9      | Found a white marble altar of Elyvilon.
 11252 | D:9      | Found a staircase to the Orcish Mines.
 11252 | D:9      | Found Kulobifi's Weapon Shop.
 11731 | D:10     | Entered Level 10 of the Dungeon
 11860 | D:10     | You fall into a shaft and drop 3 floors!
 11957 | D:13     | Got a warped quarterstaff
 11958 | D:13     | Identified the +11 quarterstaff of Zalas {pain, +Rage rElec
                  | Int-2 Dex+6} (You found it on level 13 of the Dungeon)
 11963 | D:13     | Noticed Sonja
 11966 | D:13     | Killed Sonja
 11966 | D:13     | Reached skill level 10 in Fighting
 11966 | D:13     | Reached skill level 9 in Polearms
 11966 | D:13     | Reached XP level 11. HP: 81/81 MP: 11/11
 12007 | D:13     | Noticed a manticore
 12013 | D:13     | Killed a manticore
 12799 | D:13     | Noticed a brown ugly thing
 12814 | D:13     | Killed a brown ugly thing
 13056 | D:14     | Found Sajapsa's Antique Weapon Shoppe.
 13417 | D:14     | Reached skill level 10 in Polearms
 13432 | D:14     | Noticed a two-headed ogre
 13432 | D:14     | Noticed an ogre mage
 13488 | D:12     | Noticed a deep elf mage
 13882 | D:10     | Reached skill level 5 in Dodging
 13918 | D:10     | Found Logg's General Store.
 14367 | D:10     | Bought a +2 helmet of intelligence for 236 gold pieces
 14584 | D:11     | Reached XP level 12. HP: 72/88 MP: 12/12
 14643 | D:11     | Noticed a two-headed ogre
 14654 | D:11     | Killed a two-headed ogre
 14769 | D:11     | Noticed a boulder beetle
 14796 | D:11     | Killed a boulder beetle
 15101 | D:11     | Reached skill level 10 in Dodging
 15388 | D:11     | Noticed a two-headed ogre
 15388 | D:11     | Noticed a death knight
 15563 | D:11     | Killed a two-headed ogre
 15571 | D:11     | Killed a death knight
 15571 | D:11     | Reached skill level 11 in Polearms
 15612 | D:11     | Found a staircase to the Lair.
 16067 | D:12     | Reached skill level 1 in Armour
 16130 | D:12     | Noticed an unseen horror
 16252 | D:12     | Reached XP level 13. HP: 93/93 MP: 13/13
 16434 | D:12     | Reached skill level 12 in Polearms
 16555 | D:12     | Reached skill level 5 in Armour
 16872 | D:12     | Reached skill level 13 in Polearms
 17251 | D:12     | Noticed a fire giant
 17521 | D:$      | Got out of the dungeon alive.

Illustrated notes

Levels and vault maps discovered:
D:1:      dpeg_arrival_tiny_f, layout_basic, grunt_decor_fettered
D:2:      layout_basic, lemuel_coloured_pillars_altar, kennysheep_slug_shrine
D:3:      layout_rooms
D:4:      layout_basic, nicolae_dithmenos_the_darkroom
D:5:      cheibrodos_fzero, layout_rooms,
          grunt_temple_overflow_champion_of_chaos,
          minmay_temple_entry_large_hall, uniq_edmund, uniq_prince_ribbit1
D:6:      minmay_bubble_buster, layout_gridville,
          nemelex_xobeh_ov_fountains_minmay
D:7:      layout_loops_ring, grunt_temple_overflow_growth_and_decay,
          lemuel_round_altar, lemuel_crystal_altar, uniq_duvessa
D:8:      layout_layer_cave, lemuel_blue_sif_altar, serial_shops, shop,
          uniq_psyche
D:9:      layout_rooms, lightli_temple_of_fire, kennysheep_mini_moat,
          orc_david_3, serial_shops, shop, onia_ninara_cookie
D:10:     layout_basic, serial_shops, shop
D:11:     layout_loops_ring, david_lair_generic, bh_walls_and_bars
D:12:     minmay_connected_boxes_in_corner, layout_rooms
D:13:     layout_loops_corners, uniq_sonja
D:14:     layout_roguey, hangedman_vaults_entry_quadrant_bands, serial_shops,
          nicolae_shop_trees, roderic_lattice_a, grunt_decor_mini_mirrors,
          kennysheep_generic_room_6
Temple:   jpeg_temple_island

Skill      XL: |  1  2  3  4  5  6  7  8  9 10 11 12 13 |
---------------+----------------------------------------+-----
Stealth        | 2 3 4 5 7 8 |  8.0
Fighting       | 2 3 4 5 7 8 10 | 10.6
Polearms       | 1 3 5 7 9 10 11 13 | 13.2
Dodging        | 7 10 | 10.0
Armour         | 2 5 |  5.0
Slings         | |  5.8

Action                   |  1- 3 |  4- 6 |  7- 9 | 10-12 | 13-15 || total
-------------------------+-------+-------+-------+-------+-------++-------
Melee: Short sword       |    97 |   156 |       |       |       ||   253
       Trident           |       |    18 |   251 |   708 |   214 ||  1191
 Fire: Hunting sling     |    10 |     1 |    42 |       |       ||    53
Throw: Stone             |       |       |     5 |       |       ||     5
       Dart              |       |       |     4 |    21 |     6 ||    31
Invok: Potion Petition   |       |       |       |     3 |     1 ||     4
Evoke: Wand              |       |       |       |    12 |     2 ||    14
  Use: Scroll            |     3 |     9 |     5 |     8 |       ||    25
       Potion            |       |     5 |       |     3 |       ||     8
 Stab: Sleeping          |     4 |     3 |     2 |    10 |       ||    19
       Distracted        |       |       |     1 |     3 |     2 ||     6
Armor: Leather armour    |    28 |    38 |    20 |       |       ||    86
       Ring mail         |       |       |    41 |   162 |    22 ||   225
       Skin              |       |       |       |     4 |     1 ||     5
Dodge: Dodged            |    69 |   150 |   116 |   294 |    53 ||   682

Table legend: (Time is in decaauts)
 A = Elapsed time spent in this place.
 B = Non-inter-level travel time spent in this place.
 C = Inter-level travel time spent in this place.
 D = Time resting spent in this place.
 E = Time spent auto-exploring this place.
 F = Levels seen in this place.
 G = Mean time per level.
                   A        B        C        D        E       F      G
               +--------+--------+--------+--------+--------+-----+--------+
         Total |  17368 |  16454 |    914 |   4090 |   7853 |  15 | 1157.9 |
       Dungeon |  17293 |  16379 |    914 |   4090 |   7807 |  14 | 1235.2 |
        Temple |     74 |     74 |      0 |      0 |     46 |   1 |   74.0 |
               +--------+--------+--------+--------+--------+-----+--------+

Top non-repeatable levels by time:
     D:2: 1721 daAuts
     D:5: 1605 daAuts
     D:4: 1578 daAuts
     D:1: 1561 daAuts
    D:12: 1530 daAuts
    D:11: 1346 daAuts
     D:8: 1342 daAuts
     D:6: 1310 daAuts
     D:9: 1177 daAuts
    D:13: 1120 daAuts
    D:10: 909 daAuts
     D:7: 902 daAuts
     D:3: 705 daAuts
    D:14: 484 daAuts
  Temple: 74 daAuts
